 Dungeon Crawl Stone Soup version 0.29.1-1-gd02db6906a (webtiles) character file.

Game seed: 3442345924423952384

254 raistware the Conjurer (level 6, -1/36 HPs)
             Began as an Octopode Conjurer on Sept 28, 2022.
             Slain by Pikel
             ... wielding a +2 whip of freezing
              (10 damage)
             ... on level 5 of the Dungeon.
             The game lasted 00:07:58 (4328 turns).

raistware the Conjurer (Octopode Conjurer)          Turns: 4328, Time: 00:07:59

Health: -1/36      AC:  1    Str:  6    XL:     6   Next: 15%
Magic:  0/12       EV: 13    Int: 23    God:
Gold:   187        SH:  0    Dex: 10    Spells: 8/13 levels left

rFire   . . .      SeeInvis .   g - +1 dagger (speed)
rCold   . . .      Faith    .   (no shield)
rNeg    . . .      Spirit   .   d - +0 hat
rPois   .          Reflect  .   (no amulet)
rElec   .          Harm     .   (no ring)
rCorr   .          Rampage  .   (no ring)
Will    .....                   (no ring)
Stlth   +++.......              (no ring)
HPRegen 0.12/turn               (no ring)
MPRegen 0.13/turn               (no ring)
                                (no ring)
                                (no ring)

@: very slightly contaminated
A: almost no armour, amphibious, 8 rings, camouflage 1, gelatinous body 1,
(nimble swimmer 1), tentacles
a: no special abilities


You were on level 5 of the Dungeon.
You visited 1 branch of the dungeon, and saw 5 of its levels.

You collected 187 gold pieces.

Inventory:

Hand Weapons
 g - a +1 dagger of speed (weapon)
Armour
 d - a +0 hat (worn)
Magical Staves
 u - a staff of air
Scrolls
 b - a scroll of enchant armour {unknown}
 e - a scroll of magic mapping {unknown}
 f - 2 scrolls of blinking {unknown}
 h - 3 scrolls of brand weapon {unknown}
 m - a scroll of amnesia {unknown}
 n - a scroll of identify {unknown}
 p - a scroll of teleportation {unknown}
 q - a scroll of poison {unknown}
 r - a scroll of enchant weapon {unknown}
 w - a scroll of butterflies {unknown}
 y - a scroll of noise {unknown}
Potions
 c - 2 potions of invisibility {unknown}
 i - a potion of mutation {unknown}
 j - a potion of lignification {unknown}
 k - a potion of haste {unknown}
 l - a potion of attraction {unknown}
 o - 2 potions of might {unknown}
 s - a potion of ambrosia {unknown}
 t - a potion of flight {unknown}
 v - a potion of resistance {unknown}


   Skills:
 + Level 0.0 Fighting
 - Level 2.0 Dodging
 - Level 2.6 Stealth
 + Level 4.0 Spellcasting
 + Level 5.5 Conjurations
 - Level 2.0 Translocations
 - Level 1.0 Evocations


You had 8 spell levels left.
You knew the following spells:

 Your Spells              Type           Power      Damage    Failure   Level
a - Magic Dart            Conj           100%       1d8       1%          1
b - Iskenderun's Mystic   Conj/Tloc      21%        2d6       22%         4

Your spell library contained the following spells:

 Spells                   Type           Power      Damage    Failure   Level
 Searing Ray              Conj           58%        2d6       1%          2
 Dazzling Flash           Conj/Hex       34%        N/A       10%         3
 Portal Projectile        Hex/Tloc       18%        N/A       21%         3
 Tukima's Dance           Hex            4%         N/A       30%         3
 Fulminant Prism          Conj/Hex       8%         3d7       32%         4
 Blade Hands              Tmut           2%         N/A       96%         5
 Starburst                Conj/Fire      8%         6d4       99%         6


Dungeon Overview and Level Annotations

Branches:
Dungeon (5/15)
 Temple: D:4-7

Altars:
Trog
The Shining One

Shops:
D:1 !   D:3 [[

Portals:
Sewer: D:5

Annotations:
D:4 Sigmund
D:5 Pikel


Innate Abilities, Weirdness & Mutations

You cannot wear most types of armour.
You are amphibious.
You can wear up to eight rings at the same time.
Your skin changes colour to match your surroundings (Stealth+).
Your rubbery body absorbs attacks. (AC +1, EV +1)
((You are camouflaged when in or above water. (Stealth+)))
You have tentacles for arms and can constrict up to eight enemies at once.


Message History

Confirm with . or Enter, or press ? or * to list all spells.
The spell is extremely dangerous to miscast (22% risk of failure)!
Continue anyway?
You erupt in a blast of force!
The mystic blast hits Pikel.
Pikel is severely wounded.
Pikel is knocked back by the mystic blast.
Pikel collides with the lemure!
The lemure is almost dead.
Pikel is severely wounded.
The mystic blast hits the lemure.
The lemure is severely wounded.
The lemure is knocked back by the mystic blast.
The lemure slams into the translucent rock wall!
Unknown command.
Throw: javelin
Press: ? - help, Shift-Dir - straight line, f - lemure
Aim: a lemure (almost dead, 45% to hit)
You throw a javelin. The javelin pierces through the lemure.
You kill the lemure!
That felt strangely unrewarding.
Pikel hits you with a +2 whip of freezing!
Pikel freezes you.
* * * LOW HITPOINT WARNING * * *
Unknown command.
Casting: Iskenderun's Mystic Blast (extremely dangerous; 22% risk of failure)
Confirm with . or Enter, or press ? or * to list all spells.
Aiming: Magic Dart (safe; 1% risk of failure)
Press: ? - help, Shift-Dir - straight line, f - Pikel
Aim: Pikel, wielding a +2 whip of freezing and wearing a +0 robe (severely wounded, 100% to hit)
The magic dart hits Pikel.
Pikel is almost dead.
Pikel completely misses you.
Unknown command.
Unknown command.
Unknown command.
You hit Pikel but do no damage. Your grab misses Pikel.
Pikel is almost dead.
You closely miss Pikel. Your grab misses Pikel.
Pikel is almost dead.
Pikel hits you with a +2 whip of freezing!
You die...

#.# ##...#.............# ##.#
##.....## ####....).. ##..#
##.......######.##.###
#####...####.........##)).....#
...<.......+.........'........#
#####...####.........##.#........
##..# #.......###.##..#.### ##.#
##.....## #.###...# ..# ##.@.##
#.# #.#.# ### ##K## #.. ...# #5.
### .### #.(. #..## !..#BS
...+SS∩ .(.#~~~~


You could see Pikel, a lemure, 3 adders and a giant cockroach.

Vanquished Creatures
  An ogre (D:4)
  3 lemures (D:5)
  An orc wizard (D:4)
  3 gnolls (D:4)
  3 adders
  An ufetubus (D:4)
  3 worms
  3 dart slugs
  7 orcs
  6 ball pythons
  6 endoplasms
  A giant cockroach (D:2)
  3 goblins
  4 hobgoblins
  3 jackals (D:2)
  7 quokkas
  3 bats
  7 frilled lizards
  10 kobolds
  4 rats
79 creatures vanquished.

Notes
Turn   | Place    | Note
-------+----------+-------------------------------------------
     0 | D:1      | raistware the Octopode Conjurer began the quest for the
                  | Orb.
     0 | D:1      | Reached XP level 1. HP: 11/11 MP: 3/3
   430 | D:1      | Found Jishuv's Distillery.
   432 | D:1      | Reached XP level 2. HP: 17/17 MP: 5/5
  1259 | D:2      | Reached XP level 3. HP: 15/21 MP: 2/7
  1839 | D:2      | Reached XP level 4. HP: 27/27 MP: 1/9
  1844 | D:2      | Learned a level 4 spell: Iskenderun's Mystic Blast
  2204 | D:3      | Reached skill level 1 in Translocations
  2288 | D:3      | Found Jimoeg's Antique Armour Shop.
  2464 | D:3      | Found Noivavas's Armour Emporium.
  2680 | D:3      | Found a bloodstained altar of Trog.
  2996 | D:4      | Noticed Sigmund
  3417 | D:4      | Reached XP level 5. HP: 12/31 MP: 3/11
  3436 | D:4      | Reached skill level 1 in Evocations
  3656 | D:4      | Noticed an ogre
  3669 | D:4      | Killed an ogre
  3670 | D:4      | Reached skill level 5 in Conjurations
  3817 | D:4      | Found a glowing golden altar of the Shining One.
  3994 | D:4      | Reached XP level 6. HP: 24/36 MP: 6/12
  4243 | D:5      | Entered Level 5 of the Dungeon
  4309 | D:5      | Found a glowing drain.
  4312 | D:5      | Noticed Pikel
  4328 | D:5      | Slain by Pikel

Illustrated notes

Levels and vault maps discovered:
D:1:      matt_arrival_refuge, layout_loops_corners, serial_shops,
          nicolae_lakefront_shop, chequers_jeans
D:2:      layout_rooms, item_on_display_a
D:3:      layout_basic, lightli_temple_of_fire, serial_shops,
          nicolae_shop_competitors_out_of_business, shop,
          wad_floor_pattern_untrapped
D:4:      layout_gridville, kennysheep_mini, uniq_sigmund
D:5:      layout_loops_corners, gup_sewer_entry_glass, nicolae_grassy_gnolls,
          uniq_edmund, uniq_pikel

Skill      XL: |  1  2  3  4  5 |
---------------+----------------+-----
Spellcasting   | 3 4 |  4.0
Translocations | 2 |  2.0
Evocations     | 1 |  1.0
Conjurations   | 5 |  5.5
Dodging        | |  2.0
Stealth        | |  2.6

Action                   |  1- 3 |  4- 6 || total
-------------------------+-------+-------++-------
Melee: Dagger            |    21 |    26 ||    47
       Unarmed           |     1 |       ||     1
       Tentacles         |     2 |     6 ||     8
       Constrict         |     1 |     7 ||     8
Throw: Javelin           |       |    12 ||    12
 Cast: Magic Dart        |    66 |    80 ||   146
       Iskenderun's Myst |       |     6 ||     6
  Use: Potion            |       |     2 ||     2
 Stab: Sleeping          |     3 |     3 ||     6
Armor: Skin              |     2 |     3 ||     5
Dodge: Dodged            |    11 |    19 ||    30
